 Dungeon Crawl Stone Soup version 0.14-a0-1499-g388a102 (webtiles) character file.

661 Daniel the Chopper (level 6, -2/55 HPs)
             Began as a Deep Dwarf Fighter on Dec 15, 2013.
             Was an Initiate of Makhleb.
             Slain by an ogre
             ... wielding a +0,+0 giant club
              (16 damage)
             ... on Level 6 of the Dungeon.
             The game lasted 00:12:39 (2190 turns).

Daniel the Chopper (Deep Dwarf Fighter)             Turns: 2190, Time: 00:12:39

HP  -2/55        AC  7     Str 21      XL: 6   Next: 40%
MP  10/10        EV  9     Int  9      God: Makhleb [......]
Gold 295         SH  0     Dex 12      Spells:  0 memorised,  5 levels left

rFire  . . .     SeeInvis .     a - +0 dwarf hand axe
rCold  . . .     Clarity  .     b - +0 dwarf scale mail
rNeg   . . .     Conserve .     (no shield)
rPois  .         rCorr    .     (no helmet)
rElec  .         rRot     .     (no cloak)
SustAb . .       Spirit   .     (no gloves)
rMut   .         Warding  .     (no boots)
Saprov . . .     Stasis   +     F - amulet of stasis
                                (no ring)
                                (no ring)

@: non-regenerating, somewhat resistant to hostile enchantments, extremely
unstealthy
A: damage resistance, recharge devices, sense surroundings 1, slow healing 3
a: Device Recharging, Renounce Religion


You were on level 6 of the Dungeon.
You worshipped Makhleb.
Makhleb was noncommittal.
You were hungry.

You visited 1 branch of the dungeon, and saw 6 of its levels.
You also visited: Sewer.

You collected 295 gold pieces.

Inventory:

Hand weapons
 a - a +0,+0 dwarven hand axe (weapon)
 E - a +0 blowgun
Missiles
 h - 29 poisoned needles
 j - 8 needles of confusion
 k - 3 tomahawks (quivered)
Armour
 b - a +0 dwarven scale mail (worn)
 c - a +0 dwarven shield
Magical devices
 d - a wand of heal wounds (1)
Comestibles
 f - 2 bread rations
 r - a meat ration
 w - a choko
 z - an apple
Scrolls
 g - 3 scrolls of teleportation {unknown}
 l - 4 scrolls of identify {unknown}
 m - a scroll of random uselessness {unknown}
 o - 4 scrolls of remove curse
 p - a scroll of curse jewellery {unknown}
 q - 2 scrolls of enchant armour {unknown}
 s - 2 scrolls of enchant weapon I {unknown}
 t - 2 scrolls of curse armour {unknown}
 y - a scroll of enchant weapon II {unknown}
Jewellery
 e - an uncursed ring of hunger {unknown}
 v - an uncursed ring of wizardry
 F - an amulet of stasis (around neck)
Potions
 i - 2 potions of brilliance
 n - 5 potions of heal wounds
 u - a potion of restore abilities {unknown}
 x - a potion of lignification {unknown}
 A - a potion of paralysis {unknown}
 B - 2 potions of confusion {unknown}
 C - a potion of beneficial mutation {unknown}
 D - 2 potions of flight
 G - 2 potions of magic {unknown}
 H - 2 potions of curing
 I - a potion of agility {unknown}


   Skills:
 - Level 2.6 Fighting
 * Level 6.4 Axes
 - Level 3.2 Armour
   Level 3.2 Shields
 + Level 4.9 Evocations


You had 5 spell levels left.
You didn't know any spells.

Dungeon Overview and Level Annotations

Branches:
Dungeon (6/16)             Temple (0/1) D:5

Altars:
Makhleb
Sif Muna
Trog


Innate Abilities, Weirdness & Mutations

You are resistant to damage.
You can recharge devices by infusing magical energy.
You passively map a small area around you.
You do not heal naturally.


Message History

Press: ? - help, Shift-Dir - straight line, f/p - ogre
Aim: an ogre, wielding a giant club (heavily wounded)
You throw a tomahawk. The tomahawk misses the ogre.
Throwing (i - inventory):
k - 4 tomahawks (quivered)
Press: ? - help, Shift-Dir - straight line, f/p - ogre
Aim: an ogre, wielding a giant club (heavily wounded)
You throw a tomahawk. The tomahawk hits the ogre.
The ogre is severely wounded.
You hit the ogre.
The ogre is severely wounded.
The ogre hits you with a giant club!
* * * LOW HITPOINT WARNING * * *
You are too injured to fight recklessly!
You closely miss the ogre.
The ogre is severely wounded.
The ogre barely misses you.
You barely miss the ogre.
The ogre is severely wounded.
The ogre hits you with a giant club!
You die...

▒∙∙∙∙∙∙∙∙∙▒ ▒∙▒∙∙∙∙∙▒ ░
▒∙∙∙∙∙∙∙∙∙▒ ▒∙∙∙∙∙∙∙▒
▒∙∙∙∙∙∙∙∙∙▒ ▒▒▒∙∙∙∙∙▒ ░ ░
▒■▒▒▒▒▒▒▒▒ ▒∙∙∙∙∙▒ ░ ░░
▒▒▒▒∙▒▒▒ ░ · · ▒∙∙∙∙▒
░░▒▒▒▒▒■▒ ▒▒∙▒▒▒▒▒▒▒▒▒ ░
∙∙∙∙∙∙∙∙▒▒▒∙∙∙∙∙∙∙∙∙∙▒ ░
∙∙∙∙∙∙∙∙@∙▒∙∙∙∙∙∙∙∙∙∙▒▒▒·
∙∙∙∙∙∙∙O▒∙▒∙∙∙∙∙∙∙∙∙∙∙∙▒∙
∙∙∙∙∙(∙▒∙∙∙∙∙∙∙∙∙∙<∙▒∙∙∙
· ░
∙∙∙∙∙∙∙▒▒▒∙∙∙∙∙∙∙∙∙∙▒▒▒∙


∙∙∙(∙∙∙ ▒∙∙∙∙∙∙∙∙∙∙▒ ∙(∙∙∙∙░ ▒▒▒▒▒▒▒▒▒▒▒▒ ▒▒▒▒▒░ You could see an ogre.

Vanquished Creatures
  A big kobold (Sewer)
  A jelly (D:6)
  An orc priest (D:3)
  A big fish (Sewer)
  A worker ant (D:4)
  An orc wizard (D:3)
  2 gnolls (D:2)
  2 adders (D:3)
  2 green rats (Sewer)
  A giant mite (D:3)
  A giant eyeball (D:4)
  2 oozes
  13 orcs
  A ball python (D:3)
  A giant cockroach (D:1)
  4 grey rats
  4 hobgoblins
  5 jackals
  12 kobolds
  5 bats
  2 giant geckos (D:3)
  3 giant newts
  6 goblins
  2 quokkas (D:3)
  15 rats
89 creatures vanquished.

Notes
Turn   | Place    | Note
--------------------------------------------------------------
     0 | D:1      | Daniel, the Deep Dwarf Fighter, began the quest for the Orb.
     0 | D:1      | Reached XP level 1. HP: 20/20 MP: 1/1
    89 | D:1      | Reached skill level 1 in Evocations
    89 | D:1      | Reached XP level 2. HP: 25/27 MP: 2/2
   718 | D:2      | Found a bloodstained altar of Trog.
   909 | D:2      | Reached XP level 3. HP: 24/33 MP: 3/3
  1061 | D:2      | Reached skill level 4 in Axes
  1149 | D:3      | Reached XP level 4. HP: 19/40 MP: 5/5
  1468 | D:3      | Reached XP level 5. HP: 27/46 MP: 7/7
  1474 | D:3      | Reached skill level 5 in Axes
  1664 | D:3      | Found a glowing drain.
  1675 | Sewer    | Entered a sewer
  1759 | Sewer    | Reached skill level 6 in Axes
  1759 | Sewer    | Reached XP level 6. HP: 23/55 MP: 10/10
  1784 | Sewer    | Found a white marble altar of Elyvilon.
  1869 | D:4      | Found a burning altar of Makhleb.
  1870 | D:4      | Found a deep blue altar of Sif Muna.
  1879 | D:4      | Became a worshipper of Makhleb the Destroyer
  2072 | D:5      | Entered Level 5 of the Dungeon
  2163 | D:5      | Found a staircase to the Ecumenical Temple.
  2190 | D:6      | Slain by an ogre

Action                   |  1- 3 |  4- 6 || total
-------------------------+-------+-------++-------
Melee: Hand axe          |   108 |   162 ||   270
Throw: Tomahawk          |     5 |    12 ||    17
Evoke: Wand              |       |     4 ||     4
  Use: Potion            |       |     3 ||     3
       Scroll            |       |     1 ||     1
